Map: Acid Plant LE

Players

Apoptosis

  • Race: Zerg Zerg
  • League: Diamond
  • Spawn Location: 11:00

Kenshi - Winner!

  • Race: Zerg Zerg
  • League: Diamond
  • Spawn Location: 5:00

VOD

Have the link to the VOD?

Description

Time

  • Played on: Sept. 7, 2018, 4 a.m.
  • Length: 11:25
Show
View Real Time Build Order
Export as new Build Order

Apoptosis Zerg 

Build Orders: Hatch First 

Get SALT Encoding   

  12  0:01  Drone  
  13  0:12  Overlord  
  13  0:17  Drone  
  14  0:30  Drone x2  
  14  0:34  Drone  
  17  0:53  Hatchery  
  17  0:56  Drone  
  17  0:59  Drone  
  18  1:10  Extractor  
  17  1:16  Spawning Pool  
  17  1:18  Drone  
  17  1:22  Drone  
  18  1:28  Drone  
  19  1:42  Overlord  
  19  2:03  Queen  
  19  2:04  Zergling x4  
  19  2:05  Zergling x2, Queen  
  26  2:13  Zergling x2  
  27  2:34  Zergling x6  
  30  2:47  Metabolic Boost  
  30  2:48  Baneling Nest  
  29  2:53  Zergling x2  
  30  3:01  Drone x2  
  32  3:13  Drone x4  
  34  3:23  Queen  
  35  3:36  Overlord x2  
  35  3:41  Baneling  
  32  3:56  Overlord x3  
  31  4:06  Zergling x6  
  32  4:14  Zergling x4  
  31  4:22  Zergling x4  
  33  4:27  Baneling x4  
  27  4:35  Zergling x4  
  25  4:57  Zergling x8  
  26  5:12  Zergling x8  
  29  5:23  Zergling x2  
  29  5:24  Zergling x2  
  30  5:38  Baneling  
  30  5:39  Baneling x2  
  30  5:43  Zergling x4  
  27  5:56  Zergling x4  
  27  5:57  Zergling x8  
  33  6:06  Baneling  
  33  6:07  Queen, Baneling  
  33  6:08  Drone x2  
  37  6:15  Baneling  
  37  6:16  Baneling x4  
  27  6:55  Drone  
  27  6:56  Drone x9  
  27  7:00  Roach Warren  
  34  7:01  Extractor  
  33  7:13  Drone x2  
  34  7:22  Zergling x8  
  38  7:32  Zergling x10  
  35  7:39  Zergling x2  
  26  7:57  Roach x3  
  26  7:58  Roach x2  
  32  8:04  Extractor  
  31  8:09  Baneling  
  31  8:10  Baneling  
  31  8:11  Baneling  
  31  8:15  Roach x3  
  31  8:19  Drone  
  37  8:35  Roach x2  
  37  8:37  Drone  
  42  8:47  Roach x2  
  46  8:50  Roach  
  48  9:00  Queen  
  50  9:04  Drone  
  50  9:07  Drone  
  52  9:14  Drone  
  52  9:15  Drone  
  54  9:17  Drone  
  55  9:34  Baneling x5  
  55  9:41  Drone  
  55  9:42  Drone x4  
  60  9:59  Drone  
  62  10:00  Drone x2  
  63  10:23  Spore Crawler  
  63  10:24  Spore Crawler  
  63  10:25  Spore Crawler  
  40  10:47  Drone  
  40  10:48  Drone x6  
Show
View Real Time Build Order
Export as new Build Order

Kenshi Zerg - Winner!

Build Orders: Pool First 

Get SALT Encoding   

  12  0:00  Drone  
  13  0:08  Drone  
  14  0:26  Spawning Pool  
  13  0:29  Drone  
  13  0:34  Extractor  
  13  0:35  Drone  
  14  0:43  Overlord  
  14  1:02  Drone  
  15  1:14  Zergling x6  
  18  1:34  Hatchery  
  18  1:38  Metabolic Boost  
  17  1:45  Drone  
  18  1:47  Drone  
  18  1:54  Drone  
  20  2:00  Overlord  
  20  2:10  Queen  
  22  2:25  Zergling x2  
  22  2:26  Zergling x2  
  23  2:31  Zergling x2  
  23  2:41  Zergling x2  
  24  2:51  Queen  
  24  2:56  Zergling x2  
  27  3:02  Zergling x2  
  28  3:06  Zergling x2  
  29  3:13  Zergling x2  
  29  3:14  Zergling x2  
  30  3:21  Zergling x4  
  30  3:22  Zergling x2  
  33  3:27  Zergling x2  
  33  3:32  Zergling x2  
  34  3:42  Zergling x2  
  34  3:45  Zergling x4  
  30  3:57  Zergling x2  
  30  3:58  Zergling x2  
  30  4:00  Zergling x2  
  30  4:07  Zergling x6  
  30  4:08  Zergling x6  
  33  4:20  Zergling x2  
  33  4:25  Zergling x4  
  35  4:35  Zergling x2  
  33  4:41  Zergling x2  
  33  4:42  Zergling x2  
  33  4:52  Zergling x2  
  32  4:58  Zergling x2  
  32  4:59  Zergling x8  
  30  5:13  Zergling x4  
  31  5:21  Zergling x4  
  31  5:26  Zergling x2  
  33  5:29  Zergling x2  
  32  5:42  Zergling x2  
  32  5:43  Zergling x2  
  32  5:47  Drone x3  
  32  5:49  Drone  
  30  5:57  Zergling x2  
  31  6:10  Zergling x2  
  31  6:11  Spine Crawler  
  31  6:12  Spine Crawler  
  31  6:16  Zergling x4  
  31  6:17  Zergling x4  
  33  6:18  Zergling x2  
  33  6:19  Zergling x2  
  35  6:32  Zergling x2  
  36  6:35  Overlord  
  36  6:39  Extractor x2  
  31  6:51  Zergling x6  
  31  6:53  Zergling x8  
  33  6:59  Spine Crawler  
  32  7:02  Drone  
  32  7:05  Lair  
  32  7:07  Drone x4  
  32  7:08  Drone  
  35  7:25  Zergling x4  
  37  7:31  Drone x4  
  39  7:45  Zergling x6  
  39  7:46  Zergling x2  
  39  7:48  Drone  
  39  7:49  Overlord  
  43  7:54  Zergling x2  
  37  8:00  Drone  
  38  8:16  Spire  
  38  8:18  Drone x5  
  38  8:19  Drone  
  42  8:38  Drone  
  43  8:41  Extractor, Drone x2  
  43  8:42  Drone x3  
  47  8:51  Drone x4  
  51  8:59  Spine Crawler  
  50  9:04  Overlord  
  50  9:05  Overlord  
  50  9:28  Mutalisk x5  
  50  9:30  Mutalisk  
  62  9:32  Zergling x6  
  62  9:33  Zergling x2  
  66  9:42  Drone  
  66  9:45  Overlord  
  67  10:03  Queen  
  69  10:09  Drone x3  
  69  10:10  Drone x2  
  75  10:28  Zergling x2  
  75  10:29  Overlord x3  
  72  11:00  Zergling x2  
  72  11:01  Zergling x4  
Tags
 
Add a new tag
Caveats
  • Supply blocks, unpowered buildings, or Contaminate may cause inaccurate times.
  • Supply counts are checked every 10 seconds.